 Dungeon Crawl Stone Soup version 0.31-a0-702-gf82c85558f (webtiles) character file.

Game seed: 9798071937060686480

1670 Ijustatesigmund the Magician (level 8, -59/48 HPs)
             Began as a Deep Elf Fire Elementalist on Sept 8, 2023.
             Killed by an exploding orc (67 damage)
             ... ignited by their inner flame
             ... on level 6 of the Dungeon.
             The game lasted 00:10:52 (5631 turns).

Ijustatesigmund the Magician (DEFE)                 Turns: 5631, Time: 00:10:53

Health: -59/48     AC:  6    Str:  5    XL:     8   Next: 70%
Magic:  8/20       EV: 14    Int: 23    God:
Gold:   259        SH:  0    Dex: 15    Spells: 13/20 levels left

rFire   . . .        g - +1 short sword (speed)
rCold   . . .        (no shield)
rNeg    . . .        a - +0 robe
rPois   .            (no helmet)
rElec   .            (no cloak)
rCorr   .            k - +1 pair of gloves
SInv    .            j - +1 pair of boots
Will    .....        (no amulet)
Stlth   +            (no ring)
HPRegen 0.28/turn    (no ring)
MPRegen 0.17/turn

%: no passive effects
@: confused, ambrosia-drunk, very slow
A: no striking features
a: no special abilities


You were on level 6 of the Dungeon.
You visited 1 branch of the dungeon, and saw 6 of its levels.

You collected 259 gold pieces.

Inventory:

Hand Weapons
 c - a +0 rapier
 g - a +1 short sword of speed (weapon)
Armour
 a - a +0 robe (worn)
 i - a +0 kite shield
 j - a +1 pair of boots (worn)
 k - a +1 pair of gloves (worn)
Jewellery
 t - a ring of positive energy
Wands
 q - a wand of mindburst (2)
 r - a wand of flame (26)
Scrolls
 f - 2 scrolls of poison
 s - a scroll of brand weapon {unknown}
Potions
 b - 2 potions of magic
 e - a potion of lignification
 h - 2 potions of berserk rage
 l - 2 potions of mutation
 n - a potion of might
 p - a potion of ambrosia


   Skills:
 + Level 3.7 Fighting
 + Level 3.9 Short Blades
 + Level 5.6 Dodging
 - Level 2.4 Stealth
 + Level 6.8 Spellcasting
 + Level 5.0 Conjurations
 + Level 6.0 Fire Magic


You had 13 spell levels left.
You knew the following spells:

 Your Spells              Type           Power      Damage    Failure   Level
a - Foxfire               Conj/Fire      100%       2x1d9     1%          1
b - Scorch                Fire           70%        2d7       1%          2
c - Flame Wave            Conj/Fire      33%        2d10      8%          4

Your spell library contained the following spells:

 Spells                   Type           Power      Damage    Failure   Level
 Magic Dart               Conj           100%       1d8       1%          1
 Inner Flame              Hex/Fire       21%        N/A       7%          3
 Volatile Blastmotes      Fire/Tloc      42%        2d13      7%          3
 Call Imp                 Summ           14%        N/A       12%         2
 Mephitic Cloud           Conj/Pois/Air  15%        N/A       12%         3
 Fulminant Prism          Conj/Hex       9%         3d7       28%         4
 Iskenderun's Mystic Bla  Conj/Tloc      19%        2d6       28%         4


Dungeon Overview and Level Annotations

Branches:
Dungeon (6/15)
 Temple: D:4-7

Altars:

Annotations:
D:6 1 transporter


Message History

Confirm with . or Enter, or press ? or * to list all spells.
You don't have enough magic to cast this spell.
Casting: Scorch (safe; 1% risk of failure)
Confirm with . or Enter, or press ? or * to list all spells.
You conjure some foxfire!
The sleepcap releases spores at you but does no damage.
The foxfire hits the sleepcap.
The sleepcap is lightly damaged.
The foxfire hits the sleepcap but does no damage.
The sleepcap is lightly damaged.
The orc hits you with a +0 hand axe.
The sleepcap is engulfed in a cloud of scalding steam.
The sleepcap releases spores at you!
You are engulfed in a cloud of soporific spores!
You fall asleep.
You are engulfed in a cloud of scalding steam.
The orc hits you with a +0 hand axe.
You wake up.
* * * LOW HITPOINT WARNING * * *
The sleepcap releases spores at you.
* * * LOW HITPOINT WARNING * * *
Unknown command.
As you read the scroll labelled QUPHAR ACAFEAL, it crumbles to dust.
The creatures around you are filled with an inner flame!
It was a scroll of immolation.
You are engulfed in a cloud of scalding steam.
* * * LOW HITPOINT WARNING * * *
The orc splashes around in the water.
The sleepcap misses you.
You enter the shallow water.
Moving in this stuff is going to be slow.
It was a potion of ambrosia.
You are confused.
You feel invigorated.
You are engulfed in a cloud of scalding steam.
* * * LOW HITPOINT WARNING * * *
The orc is engulfed in a cloud of scalding steam.
The orc explodes!
The fiery explosion engulfs the sleepcap!!!
The fiery explosion engulfs you!!!
Ouch! That really hurt!
You die...

#.........#.... ...
#........ #.......÷.#.###o
..... ##......O.
#..8....<....#
....#.#.##...####'
#.......)########.##.#.##l..
#.
#........).)............#...
#Z
##.......#).................
####
#########..................
#.[f #....~~§...........
#.## #...~§§@~...!......
#.#8 #...~§§§~).........
#.#~ ##..~§§~~..........
#.## #...~~~.........## #.#~
#...............# #.#~
#............. #.#~
#####..##..... #.#~ ##..
..... #.#~ ### ... #.#~


There were no monsters in sight!

Vanquished Creatures
  2 water moccasins
  An orc warrior (D:6)
  2 ice beasts
  An ogre (D:6)
  A centaur (D:5)
  4 phantoms
  2 scorpions
  2 jellies
  3 electric eels (D:6)
  2 bullfrog zombies (D:6)
  A hound (D:5)
  2 sleepcaps
  4 iguanas
  An orc wizard (D:4)
  3 gnolls (D:2)
  6 adders
  2 white imps
  A worm (D:4)
  2 dart slugs
  11 orcs
  9 endoplasms
  3 giant cockroaches
  6 goblins
  3 hobgoblins
  2 quokkas
  7 ball pythons
  2 bats (D:1)
  5 frilled lizards
  7 kobolds
  3 rats
100 creatures vanquished.

Vanquished Creatures (collateral kills)
  A foxfire (D:6)
1 creature vanquished.

Vanquished Creatures (others)
  181 foxfires
181 creatures vanquished.

Grand Total: 282 creatures vanquished

Notes
Turn   | Place    | Note
-------+----------+-------------------------------------------
     0 | D:1      | Ijustatesigmund the Deep Elf Fire Elementalist began the
                  | quest for the Orb.
     0 | D:1      | Reached XP level 1. HP: 10/10 MP: 6/6
   176 | D:1      | Reached XP level 2. HP: 16/16 MP: 5/8
   303 | D:1      | Learned a level 2 spell: Scorch
   320 | D:1      | Found a faded altar of an unknown god.
   790 | D:2      | Reached XP level 3. HP: 20/20 MP: 8/10
   812 | D:2      | Reached skill level 1 in Fighting
   944 | D:2      | Reached XP level 4. HP: 25/25 MP: 8/11
  2792 | D:4      | Reached XP level 5. HP: 29/29 MP: 8/13
  2806 | D:4      | Learned a level 4 spell: Flame Wave
  2982 | D:4      | Noticed an ice beast
  2994 | D:4      | HP: 1/29 [ice beast (10)]
  2997 | D:4      | Killed an ice beast
  2998 | D:4      | Reached skill level 1 in Short Blades
  3315 | D:4      | Reached XP level 6. HP: 35/35 MP: 10/15
  3598 | D:5      | Entered Level 5 of the Dungeon
  3849 | D:5      | Noticed a water moccasin
  3857 | D:5      | Killed a water moccasin
  3858 | D:5      | Reached skill level 5 in Spellcasting
  4351 | D:5      | Reached XP level 7. HP: 40/40 MP: 10/16
  4866 | D:5      | Reached skill level 5 in Fire Magic
  4913 | D:6      | Found a transporter.
  5206 | D:6      | Found a transporter.
  5225 | D:6      | Found a glowing drain.
  5368 | D:6      | Reached XP level 8. HP: 43/46 MP: 6/19
  5583 | D:6      | Reached skill level 5 in Dodging
  5611 | D:6      | Reached skill level 5 in Conjurations
  5631 | D:6      | Killed by an exploding orc... ignited by their inner flame

Illustrated notes

Levels and vault maps discovered:
D:1:      dpeg_arrival_tiny_g, layout_rooms, basic_ecumenical_altar,
          nicolae_the_louvre
D:2:      layout_basic, serial_forest, infiniplex_forest_straight_2,
          infiniplex_forest_lined_3, infiniplex_forest_lined_room_2,
          infiniplex_forest_lined_3_way, infiniplex_forest_lined_2,
          infiniplex_forest_clump_C, corexii_shack
D:3:      layout_rooms, minmay_fractal_squares_gapless_5
D:4:      layout_rooms, serial_curves, eino_curves_01, eino_curves_04,
          kennysheep_path_1, hangedman_abyss_or_decor_lesser_grid
D:5:      layout_basic, chequers_hall_statues_corner_a
D:6:      gammafunk_steamed_eel, layout_basic, portal_sewer_entry_a,
          serial_undead, serial_undead_d, serial_undead_c, serial_undead_c,
          serial_undead_b, serial_undead_d, serial_undead_e, serial_undead_b,
          minmay_alternating_orb

Skill      XL: |  1  2  3  4  5  6  7  8 |
---------------+-------------------------+-----
Fighting       | 1 2 3 |  3.7
Conjurations   | 2 3 4 5 |  5.0
Spellcasting   | 4 5 6 |  6.8
Fire Magic     | 4 5 6 |  6.0
Short Blades   | 1 2 3 |  3.9
Dodging        | 3 4 5 |  5.6
Stealth        | |  2.4

Action                     |  1- 3 |  4- 6 |  7- 9 || total
---------------------------+-------+-------+-------++-------
  Melee: Short sword       |       |     7 |     4 ||    11
   Cast: Foxfire           |    46 |    48 |    10 ||   104
         Scorch            |     2 |    32 |    17 ||    51
         Flame Wave        |       |       |     9 ||     9
  Evoke: Wand              |       |       |    15 ||    15
    Use: Scroll            |       |     8 |     9 ||    17
         Potion            |       |     1 |     1 ||     2
 Armour: Robe              |     9 |    23 |    43 ||    75
  Dodge: Dodged            |     4 |    19 |    32 ||    55

Table legend: (Time is in decaauts)
 A = Elapsed time spent in this place.
 B = Non-inter-level travel time spent in this place.
 C = Inter-level travel time spent in this place.
 D = Time resting spent in this place.
 E = Time spent auto-exploring this place.
 F = Levels seen in this place.
 G = Mean time per level.
                   A        B        C        D        E       F      G
               +--------+--------+--------+--------+--------+-----+--------+
         Total |   5632 |   5515 |    117 |   1748 |   3054 |   6 |  938.7 |
       Dungeon |   5632 |   5515 |    117 |   1748 |   3054 |   6 |  938.7 |
               +--------+--------+--------+--------+--------+-----+--------+

Top non-repeatable levels by time:
     D:5: 1635 daAuts
     D:3: 944 daAuts
     D:2: 935 daAuts
     D:4: 933 daAuts
     D:1: 783 daAuts
     D:6: 400 daAuts
